 Dungeon Crawl Stone Soup version 0.31-a0-662-g684573625c (webtiles) character file.

Game seed: 15245413862616714367

277 Shayle the Changeling (level 6, -4/55 HPs)
             Began as an Ogre Shapeshifter on Sept 1, 2023.
             Slain by a phantom (6 damage)
             ... on level 5 of the Dungeon.
             The game lasted 00:08:00 (3288 turns).

Shayle the Changeling (Ogre Shapeshifter)           Turns: 3288, Time: 00:08:01

Health: -4/55      AC:  3    Str: 19      XL:     6   Next: 26%
Magic:  6/6        EV:  9    Int: 11 (13) God:
Gold:   163        SH:  0    Dex:  8      Spells: 5/5 levels left

rFire   . . .        b - +2 dagger (venom)
rCold   . . .        (no shield)
rNeg    . . .        a - +0 animal skin
rPois   .            (helmet currently unavailable)
rElec   .            (cloak currently unavailable)
rCorr   .            (gloves unavailable)
SInv    .            (boots unavailable)
Will    .....        h - amulet of magic regeneration
Stlth   +            (no ring)
HPRegen 0.29/turn    (no ring)
MPRegen 0.50/turn

%: no passive effects
@: beast-form, invisible
A: beast (slay +2), large, unfitting armour, tough skin 1
a: Begin Untransformation


You were on level 5 of the Dungeon.
You were a hulking beast.
You visited 1 branch of the dungeon, and saw 5 of its levels.

You collected 163 gold pieces.

Inventory:

Hand Weapons
 b - a +2 dagger of venom (weapon)
Missiles
 m - 6 large rocks
Armour
 a - a +0 animal skin (worn)
Jewellery
 f - a +6 ring of strength
 h - an amulet of magic regeneration (around neck)
 k - an amulet of faith
Talismans
 c - a beast talisman (active)
 d - a flux talisman
Scrolls
 e - a scroll of enchant weapon {unknown}
 g - a scroll of revelation {unknown}
 l - a scroll of fear {unknown}
 o - a scroll of noise {unknown}
 p - 2 scrolls of enchant armour {unknown}
 q - a scroll of identify {unknown}
 r - a scroll of amnesia {unknown}
 s - a scroll of summoning {unknown}
 t - a scroll of blinking {unknown}
 u - a scroll of vulnerability {unknown}
Potions
 i - a potion of attraction
 j - a potion of degeneration


   Skills:
 - Level 1.3 Fighting
 - Level 1.7 Dodging
 + Level 4.7 Unarmed Combat
 + Level 4.9 Shapeshifting


You had 5 spell levels left.
You didn't know any spells.
Your spell library contained the following spells:

 Spells                   Type           Power      Damage    Failure   Level
 Slow                     Hex            0%         N/A       34%         1
 Confusing Touch          Hex            0%         N/A       71%         3
 Portal Projectile        Hex/Tloc       0%         N/A       71%         3
 Tukima's Dance           Hex            0%         N/A       71%         3
 Vampiric Draining        Necr           0%         2d6       71%         3
 Iskenderun's Mystic Bla  Conj/Tloc      0%         2d3       98%         4


Dungeon Overview and Level Annotations

Branches:
Dungeon (4/15)
 Temple: D:4-7

Altars:
Kikubaaqudgha

Shops:
D:5 !


Innate Abilities, Weirdness & Mutations

You are a hulking beast.
Your limbs bulge with bestial killing power. (Slay +2)
You are too large for most types of armour.
You have tough skin. (AC +1)


Message History

The black bear claws you but does no damage.
You hit the phantom.
The phantom is heavily damaged.
The phantom hits you.
The phantom blinks!
You blink.
The phantom attacks as it pursues you! The phantom barely misses you.
The phantom attacks as it pursues you! The phantom closely misses you.
The phantom attacks as it pursues you! The phantom hits you.
The phantom attacks as it pursues you! The phantom barely misses you.
The phantom attacks as it pursues you! The phantom hits you.
The phantom blinks!
You blink.
The black bear barely misses you. The black bear claws you.
* * * LOW HITPOINT WARNING * * *
The black bear claws you but does no damage.
You hit the black bear.
The black bear is poisoned.
The black bear is lightly wounded.
The black bear bites you.
* * * LOW HITPOINT WARNING * * *
The black bear barely misses you. The black bear closely misses you.
The phantom hits you!
* * * LOW HITPOINT WARNING * * *
The phantom attacks as it pursues you! The phantom hits you.
* * * LOW HITPOINT WARNING * * *
You fade into invisibility!
The phantom hits you.
* * * LOW HITPOINT WARNING * * *
You miss the phantom.
The phantom is heavily damaged.
The phantom hits you.
* * * LOW HITPOINT WARNING * * *
The phantom blinks!
You blink.
You hit the phantom.
The phantom is severely damaged.
The phantom hits you but does no damage.
You barely miss the phantom.
The phantom is severely damaged.
The phantom barely misses you.
You hit the phantom.
The phantom is severely damaged.
The phantom hits you.
You die...

.#
#.......####.###.#####.
.# #####.....§h.# ...
.### #...###### .###
...# #...# .. .#.#
#...# .# .#.#
#...#####.# .# ##.##
#)..h§...## ..
....#####....####W#.#
##..............h..#
...................#
.#.................#
.#..#####....####.##
....# #...... .# .#.##
#...#### ## .#.# #...#
...# #...# .### .#


You could see a phantom (unable to see you).

Vanquished Creatures
  A scorpion (D:4)
  A hound (D:4)
  An iguana (D:5)
  Jessica (D:2)
  5 adders
  An adder skeleton (D:4)
  2 worms
  3 dart slugs
  8 orcs
  4 ball pythons
  2 bats
  8 endoplasms
  3 giant cockroaches
  5 goblins
  5 hobgoblins
  4 jackals (D:3)
  6 kobolds
  A quokka (D:1)
  6 frilled lizards
  4 rats
71 creatures vanquished.

Notes
Turn   | Place    | Note
-------+----------+-------------------------------------------
     0 | D:1      | Shayle the Ogre Shapeshifter began the quest for the Orb.
     0 | D:1      | Reached XP level 1. HP: 19/19 MP: 1/1
   113 | D:1      | Reached XP level 2. HP: 23/27 MP: 2/2
   787 | D:2      | Reached XP level 3. HP: 33/33 MP: 3/3
  1011 | D:2      | Found an ancient bone altar of Kikubaaqudgha.
  1020 | D:2      | Noticed Jessica
  1027 | D:2      | Killed Jessica
  1028 | D:2      | Reached XP level 4. HP: 34/41 MP: 4/4
  1958 | D:3      | Reached XP level 5. HP: 44/48 MP: 5/5
  2366 | D:3      | Found a faded altar of an unknown god.
  2521 | D:4      | HP: 3/72 [poisoned by a scorpion]
  2759 | D:4      | Reached XP level 6. HP: 39/55 MP: 6/6
  2945 | D:4      | You fall into a shaft and drop 1 floor!
  2945 | D:5      | Entered Level 5 of the Dungeon
  3255 | D:5      | Noticed a black bear
  3256 | D:5      | Found Vegguv's Distillery.
  3285 | D:5      | HP: 1/55 [phantom (3)]
  3288 | D:5      | Slain by a phantom

Illustrated notes

Levels and vault maps discovered:
D:1:      lemuel_arrival_lava_pool, layout_loops_ring
D:2:      layout_loops_ring, basic_altar, uniq_jessica
D:3:      layout_basic, shapermc_ecumenical_altar_mp_vishouse
D:4:      layout_loops_ring, serial_undead, serial_undead_c, serial_undead_f,
          serial_undead_f, serial_undead_a
D:5:      layout_loops_cross, serial_shops, shop, uniq_eustachio

Skill      XL: |  1  2  3  4 |
---------------+-------------+-----
Unarmed Combat | 3 4 |  4.7
Shapeshifting  | 4 |  4.9
Fighting       | |  1.3
Dodging        | |  1.7

Action                     |  1- 3 |  4- 6 || total
---------------------------+-------+-------++-------
  Melee: Unarmed           |    75 |   121 ||   196
         Punch             |       |     5 ||     5
         Dagger            |       |    55 ||    55
    Use: Potion            |       |     5 ||     5
 Armour: Animal skin       |    40 |   121 ||   161
         Skin              |       |     2 ||     2
  Dodge: Dodged            |    22 |    76 ||    98

Table legend: (Time is in decaauts)
 A = Elapsed time spent in this place.
 B = Non-inter-level travel time spent in this place.
 C = Inter-level travel time spent in this place.
 D = Time resting spent in this place.
 E = Time spent auto-exploring this place.
 F = Levels seen in this place.
 G = Mean time per level.
                   A        B        C        D        E       F      G
               +--------+--------+--------+--------+--------+-----+--------+
         Total |   3273 |   3211 |     62 |    159 |   2365 |   5 |  654.6 |
       Dungeon |   3273 |   3211 |     62 |    159 |   2365 |   5 |  654.6 |
               +--------+--------+--------+--------+--------+-----+--------+

Top non-repeatable levels by time:
     D:3: 993 daAuts
     D:2: 925 daAuts
     D:1: 707 daAuts
     D:5: 342 daAuts
     D:4: 304 daAuts
